 Dungeon Crawl Stone Soup version 0.30-b1-2-g02819fbbbe (webtiles) character file.

Game seed: 16370187405050897929

171 Alarkh the Shooter (level 5, 41/41 HPs)
             Began as a Demonspawn Hunter on July 11, 2023.
             Got out of the dungeon alive.
             The game lasted 00:01:54 (2041 turns).

Alarkh the Shooter (Demonspawn Hunter)              Turns: 2041, Time: 00:01:54

Health: 41/41      AC:  4    Str: 11    XL:     5   Next: 26%
Magic:  5/5        EV: 15    Int: 12    God:
Gold:   144        SH:  5    Dex: 17    Spells: 4/4 levels left

rFire   . . .        a - +0 shortbow
rCold   . . .        (shield currently unavailable)
rNeg    . . .        c - +0 leather armour
rPois   .            (no helmet)
rElec   .            (no cloak)
rCorr   .            (no gloves)
SInv    .            o - +0 pair of boots
Will    .....        i - amulet of reflection
Stlth   ++           (no ring)
HPRegen 0.26/turn    (no ring)
MPRegen 0.09/turn

%: reflection
@: no status effects
A: claws 1, repulsion field 2, foul stench 1
a: no special abilities


You escaped.
You visited 1 branch of the dungeon, and saw 3 of its levels.

You collected 144 gold pieces.

Inventory:

Hand Weapons
 a - a +0 shortbow (weapon)
Armour
 c - a +0 leather armour (worn)
 o - a +0 pair of boots (worn)
Magical Staves
 s - a staff of air
Jewellery
 i - an amulet of reflection (around neck)
Scrolls
 b - a scroll of immolation
 d - 2 scrolls of acquirement {unknown}
 f - a scroll of butterflies {unknown}
 g - a scroll of vulnerability {unknown}
 j - a scroll of identify {unknown}
 k - a scroll of fog {unknown}
 n - 2 scrolls of teleportation {unknown}
 q - a scroll of blinking {unknown}
Potions
 e - a potion of lignification {unknown}
 h - 2 potions of might {unknown}
 l - 3 potions of curing {unknown}
 m - a potion of haste {unknown}
 p - 2 potions of attraction {unknown}
 r - a potion of resistance {unknown}
 t - a potion of brilliance {unknown}
 u - a potion of mutation {unknown}


   Skills:
 + Level 3.5 Fighting
 * Level 5.3 Ranged Weapons
 - Level 1.7 Dodging
 - Level 0.8 Stealth


You had 4 spell levels left.
You didn't know any spells.
Your spell library contained the following spells:

 Spells                   Type           Power      Damage    Failure   Level
 Kiss of Death            Conj/Necr      0%         2d5       41%         1
 Lesser Beckoning         Tloc           0%         N/A       54%         2
 Confusing Touch          Hex            0%         N/A       78%         3
 Gell's Gravitas          Tloc           0%         N/A       78%         3
 Teleport Other           Tloc           0%         N/A       78%         3
 Dispel Undead            Necr           0%         3d6       99%         4
 Conjure Ball Lightning   Conj/Air       0%         3x3d6     100%        6
 Discord                  Hex            0%         N/A       100%        8
 Disjunction              Tloc           0%         N/A       100%        8


Dungeon Overview and Level Annotations

Branches:
Dungeon (3/15)

Altars:

Shops:
D:1 :


Innate Abilities, Weirdness & Mutations

You have sharp fingernails.
You are surrounded by a moderate repulsion field. (EV +3)
You may rarely emit foul miasma when damaged in melee.


Message History

The megabat hits you.
A kobold comes into view.
It is wielding a +0 short sword and quivering poisoned darts.
You shoot an arrow. The arrow barely misses the megabat.
The kobold shouts!
The megabat closely misses you.
The megabat hits you but does no damage.
The megabat barely misses you.
You shoot an arrow. The arrow hits the megabat!
You kill the megabat!
The kobold throws a poisoned dart.
The poisoned dart closely misses you.
You shoot an arrow. The arrow closely misses the kobold.
A rotten bat comes into view.
A megabat comes into view.
The kobold throws a poisoned dart.
The poisoned dart misses you.
The rotten bat moves out of view.
The megabat moves out of view.
You shoot an arrow. The arrow barely misses the kobold.
You shoot an arrow.
The arrow completely misses the megabat.
You block the megabat's attack.
You shoot an arrow. The arrow hits the kobold!
You kill the kobold!
The megabat hits you but does no damage.
You block the megabat's attack.
You shoot an arrow. The arrow hits the megabat!
You kill the megabat!
No target in view!
No target in view!
(D) Dungeon
Where to? (Enter - D:3, ? - help)
What level of the Dungeon? (default 1, ? - help)
There is a stone staircase leading up here.
You climb upwards.
There is a stone staircase leading down here.
There is a stone staircase leading up here.
You climb upwards.
There is a stone staircase leading down here.
Unknown command.
There is an open door here.
There is a staircase leading out of the dungeon here.
Are you sure you want to leave the Dungeon?
This will make you lose the game!
You have escaped!

###.# #...# #'#.#####
#############.####..###
#.......##..#.#..##>..#
#.......#.#.#.#.#.#.#.#
#.#####.#..#...#..#.#.######
#.# #..####.....####.......#
#.# #..'.....@.....'..####.#
#.###.#####.....#####.# #.#
#.......#..#...#..#.#.# #.#
#.......#.#.#.#.#.#...# #.#
#####.####..#.#..###### #.#
##.#.######.###### ##.#
##.###.#####'#....## ##..#
###.#####.##.........####...###
#..........'.........'.........


There were no monsters in sight!

Vanquished Creatures
  3 gnolls (D:2)
  An adder (D:2)
  3 worms
  3 dart slugs
  An orc (D:3)
  2 ball pythons
  2 bat skeletons (D:3)
  4 endoplasms
  5 goblins
  7 hobgoblins
  3 quokkas
  13 bats
  A frilled lizard (D:1)
  3 kobolds
  5 rats
56 creatures vanquished.

Notes
Turn   | Place    | Note
-------+----------+-------------------------------------------
     0 | D:1      | Alarkh the Demonspawn Hunter began the quest for the Orb.
     0 | D:1      | Reached XP level 1. HP: 16/16 MP: 1/1
   322 | D:1      | Gained mutation: You are surrounded by a mild repulsion
                  | field. (EV +2) [demonic ancestry]
   322 | D:1      | Reached XP level 2. HP: 22/22 MP: 2/2
   338 | D:1      | Reached skill level 4 in Ranged Weapons
   554 | D:1      | Found Wahoi's Vocational Training.
  1027 | D:2      | Gained mutation: You are surrounded by a moderate repulsion
                  | field. (EV +3) [demonic ancestry]
  1027 | D:2      | Reached XP level 3. HP: 7/28 MP: 3/3
  1182 | D:2      | Gained mutation: You have sharp fingernails. [demonic
                  | ancestry]
  1182 | D:2      | Reached XP level 4. HP: 34/34 MP: 4/4
  1940 | D:3      | Reached skill level 5 in Ranged Weapons
  1951 | D:3      | Gained mutation: You may rarely emit foul miasma when
                  | damaged in melee. [demonic ancestry]
  1951 | D:3      | Reached XP level 5. HP: 38/41 MP: 5/5
  2041 | D:$      | Got out of the dungeon alive.

Illustrated notes

Levels and vault maps discovered:
D:1:      nzn_arrival_crosshair, layout_loops_corners, minmay_statues_item,
          nicolae_shop_vocational
D:2:      layout_basic, serial_forest, infiniplex_forest_lined_1,
          infiniplex_forest_clump_curved, infiniplex_forest_lined_room_2,
          infiniplex_forest_lined_corner, infiniplex_forest_clump_large,
          minmay_split_cup_large
D:3:      layout_rooms, goddamned_bats

Skill      XL: |  1  2  3  4 |
---------------+-------------+-----
Ranged Weapons | 4 5 |  5.3
Fighting       | 3 |  3.5
Dodging        | |  1.7
Stealth        | |  0.8

Action                     |  1- 3 |  4- 6 || total
---------------------------+-------+-------++-------
   Fire: Shortbow          |    72 |    95 ||   167
 Armour: Leather armour    |     2 |    16 ||    18
  Dodge: Dodged            |    20 |    66 ||    86
  Block: Other             |       |    12 ||    12
